 Dungeon Crawl Stone Soup version 0.25.0-65-g31bcc41 (webtiles) character file.

1389 Dorkslayer the Shield-Bearer (level 8, 0/51 HPs)
             Began as a Gargoyle Fighter on Nov 10, 2020.
             Slain by an orc warrior
             ... wielding a +0 trident
              (16 damage)
             ... on level 1 of the Dungeon.
             The game lasted 00:03:23 (715 turns).

Dorkslayer the Shield-Bearer (Gargoyle Fighter)      Turns: 715, Time: 00:03:24

Health: 0/51       AC: 15    Str: 18    XL:     8   Next: 68%
Magic:  8/8        EV:  8    Int: 10    God:
Gold:   82         SH: 11    Dex: 11    Spells: 7/7 levels left

rFire    . . .     SeeInvis .   a - +0 long sword
rCold    . . .     Gourm    .   c - +1 shield
rNeg     + . .     Faith    .   b - +0 scale mail
rPois    ∞         Spirit   .   (no helmet)
rElec    +         Reflect  .   (no cloak)
rCorr    .         Harm     .   (no gloves)
MR       .....                  (no boots)
Stlth    ..........             j - amulet of magic regeneration
HPRegen  0.00/turn              n - -3 ring of strength (curse)
MPRegen  0.36/turn              (no ring)

@: no status effects
A: thin metallic scales 1, agile 1, mutation resistance 1, negative energy
resistance 1, electricity resistance, inhibited regeneration, unbreathing,
petrification resistance, rot immunity, AC +5
a: no special abilities


You were on level 1 of the Dungeon.
You were not hungry.

You visited 1 branch of the dungeon, and saw 1 of its levels.

You collected 82 gold pieces.

Inventory:

Hand Weapons
 a - a +0 long sword (weapon)
Armour
 b - a +0 scale mail (worn)
 c - a +1 shield (worn)
Jewellery
 j - an amulet of magic regeneration (around neck)
 n - a cursed -3 ring of strength (left hand)
Scrolls
 e - a scroll of immolation
 i - a scroll of fear
Potions
 g - a potion of curing
 h - a potion of cancellation
 l - a potion of magic
Comestibles
 f - 2 rations


   Skills:
 + Level 6.1 Fighting
 + Level 4.5 Long Blades
 + Level 6.6 Armour
 + Level 1.1 Dodging
 + Level 7.0 Shields


You had 7 spell levels left.
You didn't know any spells.
Your spell library was empty.

Dungeon Overview and Level Annotations

Branches:
Dungeon (1/3)              Temple (0/1) D:1

Altars:
Sif Muna


Innate Abilities, Weirdness & Mutations

You are resistant to torment.
Your stone body is resilient. (AC +5)
You are immune to poison.
You resist negative energy. (rN+)
You are resistant to electric shocks. (rElec)
You can survive without breathing.
You are immune to petrification.
You are immune to rotting.
You are partially covered in thin metallic scales. (AC +2)
You are agile. (Dex +2)
You are somewhat resistant to further mutation.
You do not regenerate when monsters are visible.


Message History

The orc wizard gestures at you while chanting.
The magic dart hits you! You block the orc warrior's attack.
You hit the orc warrior.
The orc warrior is moderately wounded.
The orc wizard casts a spell.
The orc wizard blinks!
The orc warrior hits you with a +0 trident.
You barely miss the orc warrior.
The orc warrior is moderately wounded.
The orc wizard casts a spell at you. The magic dart hits you!
The orc warrior hits you with a +0 trident.
The orc wizard gestures wildly while chanting.
The orc wizard blinks!
The orc warrior hits you from afar with a +0 trident!
The orc warrior hits you with a +0 trident!
You hit the orc warrior but do no damage.
The orc warrior is moderately wounded.
The orc warrior hits you with a +0 trident!
You die...

#.# # # ### #..
$#
.$(##.###.####
#.#...#(.....
...#........#
#..........###
###.##.###.....
#......###
#@####.# #o#
#...# #.....#
#.......#
#.....o.... .
+..........# .
#........!.# #
##.....$.#..


You could see an orc warrior and an orc wizard.

Vanquished Creatures
  A black bear (D:1)
  An ogre (D:1)
  A bullfrog (D:1)
  A crimson imp (D:1)
  A worm (D:1)
  5 orcs (D:1)
  A quokka (D:1)
11 creatures vanquished.

Notes
Turn   | Place    | Note
-------+----------+-------------------------------------------
     0 | D:1      | Dorkslayer the Gargoyle Fighter began the quest for the
                  | Orb.
     0 | D:1      | Reached XP level 1. HP: 14/14 MP: 1/1
    42 | D:1      | Noticed a bullfrog
    57 | D:1      | Killed a bullfrog
    57 | D:1      | Reached skill level 5 in Armour
    57 | D:1      | Reached skill level 4 in Shields
    57 | D:1      | Reached XP level 2. HP: 20/20 MP: 2/2
    57 | D:1      | Reached XP level 3. HP: 25/25 MP: 3/3
    57 | D:1      | Reached XP level 4. HP: 30/30 MP: 4/4
    57 | D:1      | Reached XP level 5. HP: 34/34 MP: 5/5
    57 | D:1      | Reached XP level 6. HP: 40/40 MP: 6/6
    59 | D:1      | Reached skill level 5 in Fighting
   305 | D:1      | Reached skill level 5 in Shields
   305 | D:1      | Reached XP level 7. HP: 41/44 MP: 7/7
   341 | D:1      | Reached skill level 6 in Shields
   341 | D:1      | Reached XP level 8. HP: 46/51 MP: 8/8
   371 | D:1      | Found a staircase to the Ecumenical Temple.
   402 | D:1      | Reached skill level 1 in Dodging
   465 | D:1      | Gained mutation: You are agile. (Dex +2) [potion of
                  | mutation]
   465 | D:1      | Gained mutation: You are partially covered in thin metallic
                  | scales. (AC +2) [potion of mutation]
   465 | D:1      | Gained mutation: You do not regenerate when monsters are
                  | visible. [potion of mutation]
   465 | D:1      | Gained mutation: You are somewhat resistant to further
                  | mutation. [potion of mutation]
   638 | D:1      | Found a deep blue altar of Sif Muna.
   703 | D:1      | Reached skill level 7 in Shields
   715 | D:1      | Slain by an orc warrior

Skill      XL: |  1  2  3  4  5  6  7  8 |
---------------+-------------------------+-----
Fighting       | 4 5 6 |  6.1
Long Blades    | 2 3 4 |  4.5
Armour         | 5 6 |  6.6
Shields        | 4 5 6 7 |  7.0
Dodging        | 1 |  1.1

Action                   |  1- 3 |  4- 6 |  7- 9 || total
-------------------------+-------+-------+-------++-------
Melee: Long sword        |     5 |    36 |    61 ||   102
  Use: Potion            |     2 |       |     5 ||     7
       Scroll            |       |       |     8 ||     8
Armor: Scale mail        |     6 |    10 |    23 ||    39
Dodge: Dodged            |     2 |     7 |     9 ||    18
Block: Shield            |     8 |    17 |    34 ||    59
       Rpst.: Long sword |     1 |     6 |     3 ||    10
